 Dungeon Crawl Stone Soup version 0.21.1-1-g345015fe64 (webtiles) character file.

231 Mrkan the Ruffian (level 5, 0/50 HPs)
             Began as a Troll Monk on May 10, 2018.
             Slain by a gnoll
             ... wielding a +0 flail
              (13 damage)
             ... on level 3 of the Dungeon.
             The game lasted 00:03:52 (1967 turns).

Mrkan the Ruffian (Troll Monk)                      Turns: 1967, Time: 00:03:53

Health: 0/50       AC:  5    Str: 19    XL:     5   Next: 73%
Magic:  4/4        EV: 10    Int:  6    God:
Gold:   110        SH:  0    Dex: 13    Spells: 4/4 levels left

rFire    . . .     SeeInvis .     - Unarmed
rCold    . . .     Gourm    +   (no shield)
rNeg     . . .     Faith    .   a - +0 robe
rPois    .         Spirit   .   (helmet restricted)
rElec    .         Reflect  .   (no cloak)
rCorr    .         Harm     .   (gloves unavailable)
MR       .....                  (boots unavailable)
Stlth    ++........             (no amulet)
HPRegen  0.56/turn              (no ring)
MPRegen  0.09/turn              (no ring)

@: no status effects
A: large, unfitting armour, claws 3, fast metabolism 3, gourmand, regeneration
1, shaggy fur 1, tough skin 2
a: no special abilities


You were on level 3 of the Dungeon.
You were very full.

You visited 1 branch of the dungeon, and saw 3 of its levels.

You collected 110 gold pieces.

Inventory:

Armour
 a - a +0 robe (worn)
 m - a +0 robe of magic resistance
Jewellery
 k - a cursed ring of loudness {unknown}
Wands
 s - a wand of flame (28)
Scrolls
 c - a scroll of random uselessness {unknown}
 d - a scroll of enchant armour {unknown}
 g - a scroll of immolation {unknown}
 h - a scroll of teleportation {unknown}
 i - 6 scrolls of identify {unknown}
 l - a scroll of fear {unknown}
 n - a scroll of magic mapping {unknown}
 p - 2 scrolls of noise {unknown}
Potions
 e - a potion of lignification {unknown}
 f - a potion of brilliance {unknown}
 o - 2 potions of curing {unknown}
 q - 2 potions of might {unknown}
 r - 2 potions of flight {unknown}
Comestibles
 b - 7 rations
 j - 17 chunks of flesh


   Skills:
 - Level 2.4 Fighting
 - Level 2.4 Dodging
 - Level 1.0 Stealth
 * Level 6.5 Unarmed Combat


You had 4 spell levels left.
You didn't know any spells.

Dungeon Overview and Level Annotations

Branches:
Dungeon (3/15)

Altars:
Ashenzari
Uskayaw
Yredelemnul
Zin


Innate Abilities, Weirdness & Mutations

You are too large for most types of armour.
You have claws for hands.
Your metabolism is lightning-fast.
You like to eat raw meat.
Your natural rate of healing is unusually fast.
You are covered in fur. (AC +1)
You have very tough skin. (AC +2)


Message History

The gnoll shaman misses you. The gnoll shaman barely misses you.
You claw the gnoll shaman!
The gnoll shaman is almost dead.
The gnoll shaman hits you with a whip!
* * * LOW HITPOINT WARNING * * *
You barely miss the gnoll shaman.
The gnoll shaman is almost dead.
The gnoll shaman invokes the aid of its god against you.
You resist with some effort.
You closely miss the gnoll shaman.
The gnoll shaman is almost dead.
The gnoll shaman barely misses you.
You claw the gnoll shaman!
You kill the gnoll shaman!
The gnoll hits you with a flail.
* * * LOW HITPOINT WARNING * * *
You scratch the gnoll.
The gnoll is heavily wounded.
The gnoll hits you with a flail!
You die...

####≈≈≈≈≈≈≈≈≈≈≈≈g...≈≈≈≈≈≈≈≈≈≈≈≈#
≈≈≈≈≈≈≈≈≈≈≈≈≈≈≈≈....≈≈≈≈≈≈≈≈≈≈≈≈≈
≈≈≈≈≈≈≈≈≈≈≈≈≈≈≈≈.g..≈≈≈≈≈≈≈≈≈≈≈≈≈
................g.g..............
###########.#####gg##########.###
#)# ##g## #.# #.# #gg# #.#
#######.# #g## #.# ...>....####@#
#.# ####.#.#.....############.#
#......###.............# ###.#.##
#.############# #.#.# #.# #.#.#
#.# #.#.# #.# #.#.# #.# #.#.# #.#


You could see a gnoll shaman and 7 gnolls.

Vanquished Creatures
  2 gnoll shamans (D:3)
  Ijyb (D:3)
  A gnoll (D:3)
  5 adders
  An ooze (D:1)
  3 worms
  2 leopard geckos
  5 orcs (D:3)
  2 giant cockroaches (D:1)
  2 hobgoblins (D:1)
  14 jackals (D:3)
  9 kobolds
  A ball python (D:2)
  9 bats
  3 frilled lizards
  2 gnoll zombies (D:2)
  5 goblins
  6 rats
73 creatures vanquished.

Notes
Turn   | Place    | Note
-------+----------+-------------------------------------------
     0 | D:1      | Mrkan the Troll Monk began the quest for the Orb.
     0 | D:1      | Reached XP level 1. HP: 22/22 MP: 0/0
   196 | D:1      | Reached XP level 2. HP: 29/29 MP: 1/1
   224 | D:1      | Found a shattered altar of Ashenzari.
   495 | D:1      | Reached skill level 4 in Unarmed Combat
   638 | D:1      | Reached XP level 3. HP: 36/36 MP: 2/2
   906 | D:2      | Found a glowing silver altar of Zin.
  1089 | D:2      | Found a basalt altar of Yredelemnul.
  1184 | D:2      | Reached skill level 5 in Unarmed Combat
  1184 | D:2      | Reached XP level 4. HP: 40/44 MP: 3/3
  1388 | D:2      | Found a hide-covered altar of Uskayaw.
  1616 | D:3      | Noticed Ijyb
  1628 | D:3      | Killed Ijyb
  1687 | D:3      | Reached XP level 5. HP: 40/50 MP: 4/4
  1848 | D:3      | Reached skill level 6 in Unarmed Combat
  1967 | D:3      | Slain by a gnoll

Skill      XL: |  1  2  3  4  5 |
---------------+----------------+-----
Unarmed Combat | 4 5 6 |  6.5
Fighting       | |  2.4
Dodging        | |  2.4
Stealth        | |  1.0

Action                   |  1- 3 |  4- 6 || total
-------------------------+-------+-------++-------
Melee: Unarmed           |    89 |   100 ||   189
       Punch             |       |     3 ||     3
 Stab: Sleeping          |     5 |     1 ||     6
  Eat: Chunk             |    15 |     8 ||    23
Armor: Robe              |    44 |    35 ||    79
Dodge: Dodged            |    52 |    62 ||   114
